 Dungeon Crawl Stone Soup version 0.31-a0-692-gf03d1854d5 (webtiles) character file.

Game seed: 5569055736153277759

674 qw the Shooter (level 7, -1/44 HPs)
             Began as a Gargoyle Hunter on Sept 6, 2023.
             Slain by an ogre
             ... wielding a +0 giant spiked club
              (5 damage)
             ... on level 4 of the Dungeon.
             The game lasted 00:01:09 (3014 turns).

qw the Shooter (Gargoyle Hunter)                    Turns: 3014, Time: 00:01:09

Health: -1/44      AC: 10    Str: 15    XL:     7   Next: 59%
Magic:  7/7        EV: 11    Int:  9    God:
Gold:   192        SH:  0    Dex: 15    Spells: 6/6 levels left

rFire   . . .        Y - +1 shortbow
rCold   . . .        (shield currently unavailable)
rNeg    + . .        h - +0 ring mail
rPois   inf          (no helmet)
rElec   +            (no cloak)
rCorr   .            (no gloves)
SInv    .            (no boots)
Will    .....        (no amulet)
Stlth   +            (no ring)
HPRegen 0.27/turn    (no ring)
MPRegen 0.10/turn

%: no passive effects
@: about to teleport
A: sickness immunity, AC +4, negative energy resistance 1, electricity
resistance, torment resistance 1, petrification resistance
a: no special abilities


You were on level 4 of the Dungeon.
You visited 1 branch of the dungeon, and saw 4 of its levels.

You collected 192 gold pieces.


Innate Abilities, Weirdness & Mutations

You are immune to sickness and miasma.
Your stone body is resilient. (AC +4)
You are immune to poison.
You resist negative energy. (rN+)
You are resistant to electric shocks. (rElec)
You are resistant to unholy torment.
You are immune to petrification.


   Skills:
 - Level 5.5 Fighting
 + Level 7.3 Ranged Weapons
 - Level 2.3 Armour
 - Level 1.5 Dodging
 - Level 1.1 Stealth


You had 6 spell levels left.
You didn't know any spells.
Your spell library was empty.

Inventory:

Hand Weapons
 Y - a +1 shortbow (weapon)
Armour
 h - a +0 ring mail (worn)
Scrolls
 a - a scroll of identify
 c - a scroll of silence {unknown}
Potions
 b - 2 potions of resistance
 e - 3 potions of curing
 i - a potion of haste
 j - a potion of might
 k - a potion of mutation {unknown}
 m - a potion of degeneration {unknown}

Dungeon Overview and Level Annotations

Branches:
Dungeon (4/15)
 Temple: D:4-7

Altars:


Message History

Menkaure hits you! Menkaure misses you.
You shoot an arrow. The arrow hits Menkaure!
Menkaure is almost destroyed.
Menkaure gestures at you while chanting.
Pain shoots through your body!
2810 ||| DRINKING potion of heal wounds.
You feel much better. Menkaure hits you!
You shoot an arrow. The arrow hits Menkaure.
Menkaure is almost destroyed.
Menkaure points at you and mumbles some strange words.
Pain shoots through your body! Menkaure hits you.
You shoot an arrow. The arrow hits Menkaure!
You destroy Menkaure!
Your Ranged Weapons skill increases to level 7!
You start resting.
HP restored.
d - a scroll of teleportation
Found a ring mail.
You see here a +0 ring mail.
An ogre comes into view. It is wielding a +0 giant spiked club.
The ogre shouts!
There is an open door here.
You shoot an arrow. The arrow hits the ogre.
The ogre is moderately wounded.
The ogre hits you with a +0 giant spiked club!!
Ouch! That really hurt!
You shoot an arrow. The arrow hits the ogre!
The ogre is heavily wounded.
The ogre closely misses you.
You shoot an arrow. The arrow hits the ogre.
The ogre is heavily wounded.
You shoot an arrow. The arrow hits the ogre!
The ogre is almost dead.
The ogre hits you with a +0 giant spiked club!
3014 ||| READING scroll of teleportation.
As you read the scroll of teleportation, it crumbles to dust.
You feel strangely unstable.
The ogre hits you with a +0 giant spiked club.
You die...

#######.#####.#
+...........#.#
#######...#.#.#
#######.#.#.#
#..........#.# .
#.######.###.#
...##.# #......#.#
.......##.##.#.#.#
#....@..##.#...#
## K#
#...O#####.#####
..#.# #....
#.###### #.#.# .#
#.... #......#
#.#.##.# #####
######.# #.#.##.#
#...# #.#.##.#
########## #.###
.%#.##.#
#........# #.#
.)..##.#
#........# #.#


You could see an ogre.

Vanquished Creatures
  Grinder (D:3)
  Menkaure (D:4)
  An ogre (D:4)
  A scorpion (D:4)
  An orc priest (D:4)
  An orc wizard (D:4)
  Jessica (D:2)
  7 adders
  An ufetubus (D:4)
  A worm (D:2)
  2 orcs
  A ball python (D:4)
  3 bats (D:1)
  4 endoplasms
  2 giant cockroaches
  7 goblins
  6 hobgoblins
  3 jackals (D:2)
  6 quokkas
  2 frilled lizards
  7 kobolds
  3 rats
62 creatures vanquished.

Notes
Turn   | Place    | Note
-------+----------+-------------------------------------------
     0 | D:1      | qw the Gargoyle Hunter began the quest for the Orb.
     0 | D:1      | Reached XP level 1. HP: 12/12 MP: 1/1
     0 | D:1      | 0 ||| qw: Version: 0.3-a-76-g4403597
     0 | D:1      | 0 ||| qw: Game counter: 105
     0 | D:1      | 0 ||| qw: Melee chars always use a shield: true
     0 | D:1      | 0 ||| qw: God list: Okawaru
     0 | D:1      | 0 ||| qw: Allow faded altars: false
     0 | D:1      | 0 ||| qw: Do Orc after clearing Dungeon:15 true
     0 | D:1      | 0 ||| qw: Do second Lair branch before Depths: true
     0 | D:1      | 0 ||| qw: Lair rune preference: random
     0 | D:1      | 0 ||| qw: Goals: Normal
     0 | D:1      | 0 ||| PLANNING D:1-11
   102 | D:1      | Reached XP level 2. HP: 8/17 MP: 2/2
   674 | D:1      | 674 ||| UPGRADING to +0 ring mail.
   684 | D:1      | 684 ||| DROPPING +0 leather armour.
   685 | D:1      | 685 ||| READING scroll labelled ZOWAGH MUENA.
   686 | D:1      | 686 ||| READING scroll labelled XUODY AMNEP.
   687 | D:1      | 687 ||| READING scroll labelled ROESIS LYEFO.
   688 | D:1      | 688 ||| DRINKING 3 silvery potions.
   689 | D:1      | 689 ||| DROPPING scroll of butterflies.
   706 | D:2      | Noticed Jessica
   707 | D:2      | 707 ||| STAIRDANCE
   717 | D:2      | 717 ||| STAIRDANCE
   786 | D:2      | Killed Jessica
   787 | D:2      | Reached XP level 3. HP: 8/21 MP: 3/3
   787 | D:2      | 787 ||| STAIRDANCE
   947 | D:2      | Reached XP level 4. HP: 26/26 MP: 4/4
   972 | D:2      | Reached skill level 5 in Ranged Weapons
  1517 | D:2      | 1517 ||| READING scroll labelled AZAALIE INNUNA.
  1518 | D:2      | 1518 ||| READING scroll labelled KUQAZEXKIO.
  1519 | D:2      | 1519 ||| READING scroll labelled EMOTHIAMUO.
  1520 | D:2      | 1520 ||| DRINKING 2 inky potions.
  1541 | D:3      | Noticed Grinder
  1596 | D:3      | Killed Grinder
  1597 | D:3      | Reached XP level 5. HP: 19/35 MP: 5/5
  1597 | D:3      | Reached XP level 6. HP: 22/40 MP: 6/6
  1623 | D:3      | 1623 ||| FLEEEEING.
  1624 | D:3      | 1624 ||| FLEEEEING.
  1626 | D:3      | 1626 ||| FLEEEEING.
  1632 | D:3      | 1632 ||| STAIRDANCE
  1720 | D:3      | 1720 ||| DROPPING +1 heavy sling.
  2376 | D:3      | 2376 ||| READING scroll labelled UGOIGH VITYMOA.
  2406 | D:3      | 2406 ||| READING scroll labelled SOMPADAUPU.
  2411 | D:3      | 2411 ||| DRINKING 3 amethyst potions.
  2412 | D:3      | 2412 ||| DRINKING 2 pink potions.
  2413 | D:3      | 2413 ||| READING 4 scrolls of identify.
  2413 | D:3      | 2413 ||| IDENTIFYING golden potion
  2414 | D:3      | 2414 ||| READING 3 scrolls of identify.
  2414 | D:3      | 2414 ||| IDENTIFYING fuming ruby potion
  2415 | D:3      | 2415 ||| READING 2 scrolls of identify.
  2415 | D:3      | 2415 ||| IDENTIFYING fizzy cyan potion
  2416 | D:3      | 2416 ||| DROPPING potion of lignification.
  2417 | D:3      | 2417 ||| DROPPING potion of brilliance.
  2448 | D:4      | 2448 ||| Stepping ~*~*~tactically~*~*~ (outnumbered).
  2459 | D:4      | 2459 ||| DRINKING 4 potions of curing.
  2459 | D:4      | 2459 ||| (to cure confusion)
  2656 | D:4      | Reached skill level 6 in Ranged Weapons
  2656 | D:4      | Reached XP level 7. HP: 30/44 MP: 7/7
  2687 | D:4      | 2687 ||| FLEEEEING.
  2800 | D:4      | Noticed Menkaure
  2809 | D:4      | HP: 7/44 [Menkaure/nerve-wracking pain (7)]
  2810 | D:4      | 2810 ||| DRINKING potion of heal wounds.
  2811 | D:4      | HP: 3/44 [Menkaure (3)]
  2812 | D:4      | Killed Menkaure
  2813 | D:4      | Reached skill level 7 in Ranged Weapons
  3013 | D:4      | HP: 4/44 [ogre/+0 giant spiked club (14)]
  3014 | D:4      | 3014 ||| READING scroll of teleportation.
  3014 | D:4      | Slain by an ogre

Levels and vault maps discovered:
D:1:      nzn_arrival_settlement, layout_loops_ring, minmay_box_of_dots
D:2:      layout_loops_cross, nrook_campfire, minmay_misc_feat_tiny,
          uniq_jessica
D:3:      layout_basic, grunt_ministairs_14, minivault_5, uniq_grinder
D:4:      layout_basic, minmay_temple_entry_grid, uniq_menkaure

Skill      XL: |  1  2  3  4  5  6  7 |
---------------+----------------------+-----
Armour         | 2 |  2.3
Ranged Weapons | 5 6 7 |  7.3
Fighting       | 5 |  5.5
Dodging        | |  1.5
Stealth        | |  1.1

Action                     |  1- 3 |  4- 6 |  7- 9 || total
---------------------------+-------+-------+-------++-------
   Fire: Shortbow          |    91 |   155 |    22 ||   268
    Use: Scroll            |     3 |     8 |     1 ||    12
         Potion            |     1 |     4 |     1 ||     6
 Armour: Leather armour    |     9 |       |       ||     9
         Ring mail         |    30 |    69 |     9 ||   108
  Dodge: Dodged            |    34 |    60 |     3 ||    97

Table legend:
 A = Non-vault XP
 B = Vault XP
 C = Vault XP percentage of total XP
 D = Non-vault monster count
 E = Vault monster count
 F = Vault count percentage of total count
                 A         B        C        D         E       F
            +---------+---------+-------+---------+---------+-------
      Total |     477 |     487 |  50.5 |      56 |       6 |   9.7
            +---------+---------+-------+---------+---------+-------
        D:1 |      26 |       2 |   7.1 |      17 |       1 |   5.6
        D:2 |      32 |      37 |  53.6 |       9 |       1 |  10.0
        D:3 |      80 |     265 |  76.8 |      18 |       3 |  14.3
        D:4 |     339 |     183 |  35.1 |      12 |       1 |   7.7
            +---------+---------+-------+---------+---------+-------
